 Dungeon Crawl Stone Soup version 0.27.1-1-g398f81649c (webtiles) character file.

Game seed: 8234144397198933686

186 Gwenloh the Chopper (level 5, 0/43 HPs)
             Began as a Palentonga Warper on Sept 7, 2021.
             Killed from afar by Sigmund (8 damage)
             ... with a puff of flame
             ... on level 4 of the Dungeon.
             The game lasted 00:15:21 (3401 turns).

Gwenloh the Chopper (Palentonga Warper)             Turns: 3401, Time: 00:15:21

Health: 0/43       AC:  7    Str: 14    XL:     5   Next: 38%
Magic:  8/8        EV:  8    Int: 14    God:
Gold:   170        SH:  0    Dex: 10    Spells: 6/8 levels left

rFire    . . .     SeeInvis +   a - +0 hand axe
rCold    . . .     Faith    .   (no shield)
rNeg     . . .     Spirit   .   l - +0 ring mail
rPois    .         Reflect  .   k - +0 helmet
rElec    .         Harm     .   (no cloak)
rCorr    .         Rampage  .   (no gloves)
Will     .....                  (no barding)
Stlth    ..........             (no amulet)
HPRegen  0.14/turn              (no ring)
MPRegen  0.11/turn              (no ring)

@: confused, lethally poisoned (0 -> -17)
A: large, rugged brown scales 3, see invisible, deformed body, roll 1, armoured
tail
a: Rolling Charge


You were on level 4 of the Dungeon.
You visited 1 branch of the dungeon, and saw 5 of its levels.

You collected 170 gold pieces.

Inventory:

Hand Weapons
 a - a +0 hand axe (weapon)
Missiles
 d - 5 boomerangs of dispersal
 j - 6 boomerangs
 m - 70 stones
 n - 6 bolts
 t - 12 poisoned darts (quivered)
Armour
 b - a +0 leather armour
 k - a +0 helmet (worn)
 l - a +0 ring mail (worn)
Wands
 o - a wand of iceblast (12)
 p - a wand of digging (5)
Scrolls
 c - a scroll of blinking
 f - 2 scrolls of teleportation {unknown}
 g - 3 scrolls of identify {unknown}
 q - a scroll of magic mapping {unknown}
 r - a scroll of amnesia {unknown}
 u - a scroll of enchant weapon {unknown}
Potions
 e - a potion of degeneration {unknown}
 h - a potion of mutation {unknown}
 i - 2 potions of cancellation {unknown}
 s - 2 potions of curing {unknown}


   Skills:
 + Level 3.1 Fighting
 * Level 3.8 Axes
 - Level 0.6 Throwing
 + Level 2.0 Armour
 - Level 1.5 Dodging
 - Level 2.0 Spellcasting
 + Level 3.6 Translocations


You had 6 spell levels left.
You knew the following spells:

 Your Spells              Type           Power      Damage    Failure   Level
a - Blink                 Tloc           N/A        N/A       16%         2

Your spell library contained the following spells:

 Spells                   Type           Power      Damage    Failure   Level
 Gell's Gravitas          Tloc           5%         N/A       32%         3
 Lesser Beckoning         Tloc           5%         N/A       32%         3
 Teleport Other           Tloc           11%        N/A       32%         3
 Manifold Assault         Tloc           11%        N/A       96%         5
 Fireball                 Conj/Fire      0%         3d3       100%        5
 Starburst                Conj/Fire      0%         6d3       100%        6
 Ignition                 Fire           0%         3d3       100%        8


Dungeon Overview and Level Annotations

Branches:
Dungeon (5/15)
 Temple: D:4-7

Altars:
Cheibriados
Xom
The Shining One

Annotations:
D:3 Grinder
D:4 Sigmund


Innate Abilities, Weirdness & Mutations

You are completely covered in rugged brown scales. (AC +3, +7% HP)
You have supernaturally acute eyesight. (SInv)
Armour fits poorly on your strangely shaped body.
You can roll at nearby foes to attack.
You have a long armoured tail.


Message History

You are poisoned.
Throw: 12 darts (poison)
Press: ? - help, Q - select action, (/) - cycle Shift-Dir - straight line, f/p - Sigmund
Aim: Sigmund, wielding a +1 scythe of venom and wearing a +0 robe (lightly wounded, slightly transparent, very poisoned, 52% to hit)
Okay, then.
You barely miss Sigmund.
Sigmund is lightly wounded.
You feel sick.
You hit Sigmund.
Sigmund is moderately wounded.
You feel sick.
Sigmund points at you and mumbles some strange words.
You resist with some effort.
You closely miss Sigmund.
Sigmund is moderately wounded.
You feel sick. Sigmund barely misses you.
You closely miss Sigmund.
Sigmund is moderately wounded.
You feel sick.
Sigmund hits you with a +1 scythe of venom.
You are more poisoned.
You hit Sigmund.
Sigmund is heavily wounded.
You feel sick. Sigmund closely misses you.
You completely miss Sigmund.
Sigmund is heavily wounded.
You feel sick.
You hit Sigmund.
Sigmund is severely wounded.
You feel sick. Sigmund casts a spell at you.
You are confused.
You feel sick.
Sigmund hits you with a +1 scythe of venom!
You are lethally poisoned!
* * * LOW HITPOINT WARNING * * *
You feel very sick. Sigmund casts a spell at you. The puff of flame hits you!
You die...

#########
........#
........##########
.................#
...>.(........(..#
.....((.@........#
.......@.........#
##...#...........#
#...............#
................#
#...#...........#
#...#...........#
.... #...........#
.... #...........#
##+#####.#


You could see Sigmund (invisible, poisoned).

Vanquished Creatures
  2 bullfrog zombies
  Jessica (D:3)
  4 adders
  A worm (D:2)
  3 dart slugs
  4 orcs
  3 endoplasms
  2 giant cockroaches
  6 goblins
  2 hobgoblins
  3 quokkas
  4 ball pythons
  3 bats
  2 frilled lizards (D:1)
  3 kobolds
  5 rats
48 creatures vanquished.

Vanquished Creatures (others)
  3 fungi (D:3)
  3 plants (D:3)
6 creatures vanquished.

Grand Total: 54 creatures vanquished

Notes
Turn   | Place    | Note
-------+----------+-------------------------------------------
     0 | D:1      | Gwenloh the Palentonga Warper began the quest for the Orb.
     0 | D:1      | Reached XP level 1. HP: 17/17 MP: 3/3
   253 | D:1      | Reached skill level 1 in Armour
   627 | D:1      | Reached XP level 2. HP: 23/23 MP: 5/5
   630 | D:1      | Learned a level 2 spell: Blink
  1258 | D:3      | Noticed Jessica
  1262 | D:3      | Killed Jessica
  1263 | D:3      | Reached XP level 3. HP: 29/29 MP: 6/6
  1265 | D:3      | Noticed Grinder
  1793 | D:2      | Reached XP level 4. HP: 32/36 MP: 7/7
  2497 | D:3      | Reached XP level 5. HP: 29/43 MP: 8/8
  2606 | D:3      | Found a faded altar of an unknown god.
  2885 | D:3      | Paralysed by Grinder for 4 turns
  3075 | D:4      | Found a shimmering altar of Xom.
  3127 | D:5      | Entered Level 5 of the Dungeon
  3211 | D:4      | Found a snail-covered altar of Cheibriados.
  3236 | D:4      | Found a glowing golden altar of the Shining One.
  3386 | D:4      | Noticed Sigmund
  3401 | D:4      | Killed from afar by Sigmund

Illustrated notes

Levels and vault maps discovered:
D:1:      psy_arrival_basics, layout_loops_ring
D:2:      layout_basic, serial_park_tiny_2
D:3:      layout_loops_ring, dreamdust_ecumenical_altar_grove,
          kennysheep_generic_room_7, uniq_jessica, uniq_grinder
D:4:      layout_basic, mainiacjoe_overflow_surrounded_room,
          mainiacjoe_overflow_catch_the_wave, mainiacjoe_overflow_paths,
          uniq_sigmund
D:5:      layout_gridville, serial_co_window_serial, co_window_cross_1,
          co_window_paths_b, co_window_paths_a, co_window_paths_a,
          co_window_paths_b, co_window_corner_b, co_window_broadway_b,
          co_window_unsneaky_path_c, co_window_broadway_b, co_window_paths_c,
          co_window_broadway_c, co_window_of_opportunity_c, glass_columns_a,
          minmay_manual_monstrance

Skill      XL: |  1  2  3  4  5 |
---------------+----------------+-----
Armour         | 1 2 |  2.0
Axes           | 3 |  3.8
Fighting       | 3 |  3.1
Throwing       | |  0.6
Dodging        | |  1.5
Spellcasting   | |  2.0
Translocations | |  3.6

Action                   |  1- 3 |  4- 6 || total
-------------------------+-------+-------++-------
Melee: Hand axe          |    61 |    84 ||   145
       Tailslap          |     9 |     7 ||    16
Throw: Boomerang         |    12 |    24 ||    36
       Dart              |       |     5 ||     5
 Abil: Rolling Charge    |    20 |    22 ||    42
  Use: Potion            |     2 |       ||     2
Armor: Leather armour    |    21 |       ||    21
       Ring mail         |    10 |    27 ||    37
Dodge: Dodged            |    24 |    31 ||    55
